SNL (28 & UNDER)
WICHITA WRANGLERS @ NEW HAMPSHIRE FISHER CATS
07/19/2025
 
TOP OF THE 1ST
Wichita Wranglers batting - Pitching for New Hampshire Fisher Cats : RHP Grady Connolly
Pitching: RHP Grady Connolly
Batting: LHB Leslie Adams 0-0: Called Strike
0-1: Ball
1-1: Called Strike
1-2: Ball
2-2: SINGLE (Groundball, 3D)
Batting: RHB Ed Watkins 0-0: Swinging Strike
0-1: Called Strike
0-2: Foul Ball, location: 2F
0-2: Ball
1-2: Strikes out swinging
Batting: RHB Bob Hall 0-0: Called Strike
0-1: Reached on error, E5 (Groundball, 5)
Leslie Adams to second
Batting: RHB Don Thomas 0-0: Called Strike
0-1: Ball
1-1: Fly out, F9 (Flyball, 89M)
Batting: RHB Desi Thompson 0-0: Foul Ball, location: 2F
0-1: Called Strike
0-2: Foul Ball, location: 2F
0-2: Ball
1-2: Ball
2-2: Strikes out swinging
Top of the 1st over - 0 run(s), 1 hit(s), 1 error(s), 2 left on base; Wichita 0 - New Hampshire 0
BOTTOM OF THE 1ST
New Hampshire Fisher Cats batting - Pitching for Wichita Wranglers : RHP Reid Mapstone
Pitching: RHP Reid Mapstone
Batting: LHB Wilson Torres 0-0: Foul Ball, location: 2F
0-1: Ball
1-1: Ball
2-1: Foul Ball, location: 2F
2-2: Strikes out swinging
Batting: SHB Ken Hernández 0-0: Ball
1-0: Ball
2-0: Ball
3-0: Base on Balls
Batting: RHB Keith Ford 0-0: Ball
1-0: Ball
2-0: Ball
3-0: Called Strike
3-1: Swinging Strike
3-2: SINGLE (Groundball, 4M)
Ken Hernández to second
Ken Hernández to third
Batting: LHB Tom Mullins 0-0: Foul Ball, location: 2F
0-1: Swinging Strike
0-2: Ball
1-2: Ball
2-2: Strikes out swinging
Batting: RHB Felipe Rivas 0-0: Called Strike
0-1: Ball
1-1: Foul Ball, location: 2F
1-2: Ball
2-2: Ground out 1-3 (Groundball, 13S)
Bottom of the 1st over - 0 run(s), 1 hit(s), 0 error(s), 2 left on base; Wichita 0 - New Hampshire 0
TOP OF THE 2ND
Wichita Wranglers batting - Pitching for New Hampshire Fisher Cats : RHP Grady Connolly
Batting: LHB Aurelio Torrez 0-0: Ball
1-0: Foul Ball, location: 2F
1-1: Ground out U3 (Groundball, 3L)
Batting: RHB James Stevens 0-0: Ball
1-0: Foul Ball, location: 2F
1-1: Foul Ball, location: 2F
1-2: Foul Ball, location: 2F
1-2: Strikes out swinging
Batting: RHB Dave Henderson 0-0: Swinging Strike
0-1: Ball
1-1: Foul Ball, location: 2F
1-2: Ball
2-2: Strikes out looking
Top of the 2nd over - 0 run(s), 0 hit(s), 0 error(s), 0 left on base; Wichita 0 - New Hampshire 0
BOTTOM OF THE 2ND
New Hampshire Fisher Cats batting - Pitching for Wichita Wranglers : RHP Reid Mapstone
Batting: LHB Cam Flowers 0-0: Ball
1-0: Ground out 4-3 (Groundball, 4M)
Batting: SHB Lester Olsen 0-0: Ball
1-0: Swinging Strike
1-1: Ground out 3-1 (Groundball, 34)
Batting: RHB Benjamin Lawson 0-0: Ball
1-0: Ball
2-0: Ground out 6-3 (Groundball, 56)
Bottom of the 2nd over - 0 run(s), 0 hit(s), 0 error(s), 0 left on base; Wichita 0 - New Hampshire 0
TOP OF THE 3RD
Wichita Wranglers batting - Pitching for New Hampshire Fisher Cats : RHP Grady Connolly
Batting: RHB Doug Delaney 0-0: Ball
1-0: Called Strike
1-1: Called Strike
1-2: Ball
2-2: Strikes out swinging
Batting: LHB Leslie Adams 0-0: Called Strike
0-1: Fly out, F7 (Flyball, 78D)
Batting: RHB Ed Watkins 0-0: Swinging Strike
0-1: Swinging Strike
0-2: Foul Ball, location: 2F
0-2: Ball
1-2: Ball
2-2: Ball
3-2: Foul Ball, location: 2F
3-2: Strikes out swinging
Top of the 3rd over - 0 run(s), 0 hit(s), 0 error(s), 0 left on base; Wichita 0 - New Hampshire 0
BOTTOM OF THE 3RD
New Hampshire Fisher Cats batting - Pitching for Wichita Wranglers : RHP Reid Mapstone
Batting: RHB Tim Robertson 0-0: Called Strike
0-1: Ball
1-1: Called Strike
1-2: Ball
2-2: Foul Ball, location: 2F
2-2: Ground out 6-3 (Groundball, 6)
Batting: LHB Wilson Torres 0-0: SINGLE (Line Drive, 9S)
Batting: SHB Ken Hernández 0-0: Ball
1-0: Called Strike
1-1: Swinging Strike
1-2: Ball
2-2: Foul Ball, location: 2F
2-2: Fielders Choice at 2nd, 3-6 (Groundball, 3)
Batting: RHB Keith Ford 0-0: Fly out, F3 (Popup, 3SF)
Bottom of the 3rd over - 0 run(s), 1 hit(s), 0 error(s), 1 left on base; Wichita 0 - New Hampshire 0
TOP OF THE 4TH
Wichita Wranglers batting - Pitching for New Hampshire Fisher Cats : RHP Grady Connolly
Batting: RHB Bob Hall 0-0: Called Strike
0-1: Ball
1-1: Ball
2-1: Foul Ball, location: 2F
2-2: Strikes out looking
Batting: RHB Don Thomas 0-0: Ball
1-0: SINGLE (Line Drive, 8LS)
Batting: RHB Desi Thompson 0-0: Fly out, F8 (Flyball, 8LD)
Batting: LHB Aurelio Torrez 0-0: Called Strike
0-1: Swinging Strike
0-2: Ball
1-2: Strikes out swinging
Top of the 4th over - 0 run(s), 1 hit(s), 0 error(s), 1 left on base; Wichita 0 - New Hampshire 0
BOTTOM OF THE 4TH
New Hampshire Fisher Cats batting - Pitching for Wichita Wranglers : RHP Reid Mapstone
Batting: LHB Tom Mullins 0-0: Ball
1-0: Swinging Strike
1-1: Ball
2-1: Foul Ball, location: 2F
2-2: Ball
3-2: Base on Balls
Batting: RHB Felipe Rivas 0-0: 2-RUN HOME RUN (Line Drive, 7D), Distance : 400 ft
Batting: LHB Cam Flowers 0-0: Ball
1-0: Ground out 4-3 (Groundball, 4M)
Batting: SHB Lester Olsen 0-0: Ball
1-0: Foul Ball, location: 2F
1-1: Foul Ball, location: 2F
1-2: Foul Ball, location: 2F
1-2: Foul Ball, location: 2F
1-2: Foul Ball, location: 2F
1-2: Strikes out swinging
Batting: RHB Benjamin Lawson 0-0: SINGLE (Flyball, 89S)
Batting: RHB Tim Robertson 0-0: Ball
1-0: Ground out 3-1 (Groundball, 34)
Bottom of the 4th over - 2 run(s), 2 hit(s), 0 error(s), 1 left on base; Wichita 0 - New Hampshire 2
TOP OF THE 5TH
Wichita Wranglers batting - Pitching for New Hampshire Fisher Cats : RHP Grady Connolly
Batting: RHB James Stevens 0-0: Called Strike
0-1: Ball
1-1: Ground out 1-3 (Groundball, 13)
Batting: RHB Dave Henderson 0-0: Called Strike
0-1: Foul Ball, location: 2F
0-2: Ball
1-2: Ground out 6-3 (Groundball, 6M)
Batting: RHB Doug Delaney 0-0: Ball
1-0: Called Strike
1-1: Ball
2-1: Called Strike
2-2: Ball
3-2: Foul Ball, location: 2F
3-2: Foul Ball, location: 2F
3-2: Foul Ball, location: 2F
3-2: Base on Balls
Batting: LHB Leslie Adams 0-0: Called Strike
0-1: Foul Ball, location: 2F
0-2: Ball
1-2: Foul Ball, location: 2F
1-2: Ball
2-2: SINGLE (Line Drive, 89M)
Doug Delaney to second
Batting: RHB Ed Watkins 0-0: Ball
1-0: Called Strike
1-1: Called Strike
1-2: Strikes out swinging
Top of the 5th over - 0 run(s), 1 hit(s), 0 error(s), 2 left on base; Wichita 0 - New Hampshire 2
BOTTOM OF THE 5TH
New Hampshire Fisher Cats batting - Pitching for Wichita Wranglers : RHP Reid Mapstone
Batting: LHB Wilson Torres 0-0: Ball
1-0: Ground out 4-3 (Groundball, 4)
Batting: SHB Ken Hernández 0-0: Swinging Strike
0-1: Ball
1-1: Fly out, F9 (Flyball, 9M)
Batting: RHB Keith Ford 0-0: Ball
1-0: SINGLE (Groundball, 34D)
Batting: LHB Tom Mullins 0-0: Called Strike
0-1: Ball
1-1: Ball
2-1: Swinging Strike
2-2: Hit by Pitch
Keith Ford to second
Batting: RHB Felipe Rivas 0-0: Ball
1-0: Ball
2-0: Ball
3-0: Called Strike
3-1: Fly out, F7 (Flyball, 78S)
Bottom of the 5th over - 0 run(s), 1 hit(s), 0 error(s), 2 left on base; Wichita 0 - New Hampshire 2
TOP OF THE 6TH
Wichita Wranglers batting - Pitching for New Hampshire Fisher Cats : RHP Grady Connolly
Batting: RHB Bob Hall 0-0: Ball
1-0: Ball
2-0: Called Strike
2-1: Foul Ball, location: 2F
2-2: Foul Ball, location: 2F
2-2: Ball
3-2: Strikes out swinging
Pitching: RHP Ron Scott
Batting: RHB Don Thomas 0-0: Called Strike
0-1: Ball
1-1: Ball
2-1: DOUBLE (Line Drive, 78S)
Batting: RHB Desi Thompson 0-0: Called Strike
0-1: Ball
1-1: Ball
2-1: Foul Ball, location: 2F
2-2: Ball
3-2: Strikes out swinging
Batting: LHB Aurelio Torrez 0-0: Called Strike
0-1: Foul Ball, location: 2F
0-2: Ball
1-2: Strikes out swinging
Top of the 6th over - 0 run(s), 1 hit(s), 0 error(s), 1 left on base; Wichita 0 - New Hampshire 2
BOTTOM OF THE 6TH
New Hampshire Fisher Cats batting - Pitching for Wichita Wranglers : RHP Reid Mapstone
Batting: LHB Cam Flowers 0-0: Called Strike
0-1: Ball
1-1: Ground out 4-3 (Groundball, 4)
Batting: SHB Lester Olsen 0-0: Ball
1-0: Ball
2-0: SINGLE (Groundball, 6MD)
Batting: RHB Benjamin Lawson 0-0: Ball
1-0: Called Strike
1-1: Swinging Strike
1-2: Fly out, F7 (Flyball, 78XD)
Batting: RHB Tim Robertson 0-0: Swinging Strike
0-1: Called Strike
0-2: Ball
1-2: Strikes out swinging
Bottom of the 6th over - 0 run(s), 1 hit(s), 0 error(s), 1 left on base; Wichita 0 - New Hampshire 2
TOP OF THE 7TH
Wichita Wranglers batting - Pitching for New Hampshire Fisher Cats : RHP Ron Scott
Batting: RHB James Stevens 0-0: Ball
1-0: Ground out 6-3 (Groundball, 6)
Batting: RHB Dave Henderson 0-0: Called Strike
0-1: Called Strike
0-2: Strikes out swinging
Batting: RHB Doug Delaney 0-0: Ball
1-0: Ball
2-0: Called Strike
2-1: Ball
3-1: Foul Ball, location: 2F
3-2: Strikes out swinging
Top of the 7th over - 0 run(s), 0 hit(s), 0 error(s), 0 left on base; Wichita 0 - New Hampshire 2
BOTTOM OF THE 7TH
New Hampshire Fisher Cats batting - Pitching for Wichita Wranglers : RHP Reid Mapstone
Pitching: LHP José Gallegos
Batting: LHB Wilson Torres 0-0: Ball
1-0: Called Strike
1-1: Ball
2-1: DOUBLE (Line Drive, 8RXD)
Batting: SHB Ken Hernández 0-0: Ball
1-0: Ball
2-0: Ground out 5-3 (Groundball, 56)
Batting: RHB Keith Ford 0-0: Intentional Walk
Batting: LHB Tom Mullins 0-0: DOUBLE (Flyball, 7LS)
Wilson Torres scores
Keith Ford to third
Batting: RHB Felipe Rivas 0-0: Intentional Walk
Pinch Hitting: RHB Michael Kent 0-0: Called Strike
0-1: Called Strike
0-2: Foul Ball, location: 2F
0-2: Foul Ball, location: 2F
0-2: Ball
1-2: Ball
2-2: Fly out, F7 (Flyball, 7LM)
Batting: SHB Lester Olsen 0-0: Called Strike
0-1: Ground out 4-3 (Groundball, 13)
Bottom of the 7th over - 1 run(s), 2 hit(s), 0 error(s), 3 left on base; Wichita 0 - New Hampshire 3
TOP OF THE 8TH
Wichita Wranglers batting - Pitching for New Hampshire Fisher Cats : RHP Ron Scott
Pitching: LHP Artie Nelson
Now at 2B: Steve Garneys
Batting: LHB Leslie Adams 0-0: SOLO HOME RUN (Flyball, 9D), Distance : 384 ft
Batting: RHB Ed Watkins 0-0: Ball
1-0: Ball
2-0: Ball
3-0: Base on Balls
Pitching: RHP Jim Fitzgerald
Batting: RHB Bob Hall 0-0: Swinging Strike
0-1: Swinging Strike
0-2: Ball
1-2: Ball
2-2: Ball
3-2: Foul Ball, location: 2F
3-2: Foul Ball, location: 2F
3-2: Strikes out swinging
Batting: RHB Don Thomas 0-0: Ball
1-0: Called Strike
1-1: Ball
2-1: Fly out, F7 (Line Drive, 78XD)
Batting: RHB Desi Thompson 0-0: Foul Ball, location: 2F
0-1: Foul Ball, location: 2F
0-2: Ball
1-2: Strikes out swinging
Top of the 8th over - 1 run(s), 1 hit(s), 0 error(s), 1 left on base; Wichita 1 - New Hampshire 3
BOTTOM OF THE 8TH
New Hampshire Fisher Cats batting - Pitching for Wichita Wranglers : LHP José Gallegos
Batting: RHB Benjamin Lawson 0-0: Fly out, F8 (Flyball, 8RM)
Batting: RHB Tim Robertson 0-0: Ground out 4-3 (Groundball, 4)
Batting: LHB Wilson Torres 0-0: Foul Ball, location: 2F
0-1: Called Strike
0-2: Fly out, F8 (Line Drive, 8LM)
Bottom of the 8th over - 0 run(s), 0 hit(s), 0 error(s), 0 left on base; Wichita 1 - New Hampshire 3
TOP OF THE 9TH
Wichita Wranglers batting - Pitching for New Hampshire Fisher Cats : RHP Jim Fitzgerald
Pitching: RHP Andrés Macías
Batting: LHB Aurelio Torrez 0-0: Called Strike
0-1: Swinging Strike
0-2: Ball
1-2: Strikes out swinging
Batting: RHB James Stevens 0-0: Ground out 5-3 (Groundball, 5L)
Batting: RHB Dave Henderson 0-0: Ball
1-0: Foul Ball, location: 2F
1-1: Called Strike
1-2: Ball
2-2: Foul Ball, location: 2F
2-2: Foul Ball, location: 2F
2-2: Strikes out swinging
Top of the 9th over - 0 run(s), 0 hit(s), 0 error(s), 0 left on base; Wichita 1 - New Hampshire 3
This league is powered by Out of the Park Baseball, the baseball management simulation game for PC, Mac and Linux
Tuesday, August 2nd, 2016 - OOTP Baseball 16.8 Build 38